 Dungeon Crawl Stone Soup version 0.17.1-1-g73c8601 (webtiles) character file.

70415 Implojin the Nimble (level 14, -13/149 HPs)
             Began as a Troll Monk on Apr 5, 2016.
             Was a High Priest of Okawaru.
             Shot with a bolt of penetration by a yaktaur captain (22 damage)
             ... on level 1 of the Depths.
             The game lasted 01:08:44 (7889 turns).

Implojin the Nimble (Troll Monk)                    Turns: 7889, Time: 01:08:44

Health: -13/149    AC: 11    Str: 22    XL:     14   Next: 94%
Magic:  28/28      EV: 15    Int:  8    God:    Okawaru [*****.]
Gold:   1349       SH: 24    Dex: 16    Spells: 0 memorised, 13 levels left

rFire  + . .     SeeInvis +       - Unarmed
rCold  + . .     Clarity  .     r - +2 mottled dragon armour
rNeg   . . .     SustAt   .     y - +7 large shield of Wapta {Int+2}
rPois  +         Gourm    +     (helmet restricted)
rElec  +         Spirit   .     (no cloak)
rCorr  +         Warding  .     (gloves unavailable)
rMut   .         Stasis   .     (boots unavailable)
MR     +....                    (no amulet)
Stlth  +.........               s - ring of magical power
                                F - ring of see invisible

@: resistant, finesse, somewhat resistant to hostile enchantments, very
unstealthy
A: unfitting armour, claws 3, fast metabolism 3, gourmand, regeneration 2,
shaggy fur 1, tough skin 2
a: Heroism, Finesse, Renounce Religion


You were on level 1 of the Depths.
You worshipped Okawaru.
Okawaru was extremely pleased with you.
You were completely stuffed.

You visited 4 branches of the dungeon, and saw 25 of its levels.
You also visited: Volcano.

You collected 1349 gold pieces.

Inventory:

Hand Weapons
 v - a +2 blowgun
Missiles
 a - 22 large rocks
 z - 5 curare-tipped needles
 P - a tomahawk
 W - 3 javelins of penetration (quivered)
 Y - a throwing net
Armour
 r - a +2 mottled dragon armour (worn)
 y - the +7 large shield of Wapta (worn) {Int+2}
   (Okawaru gifted it to you on level 13 of the Dungeon)

   It affects your intelligence (+2).
 U - a troll hide
Magical Staves
 x - an uncursed staff of wizardry
 T - an uncursed staff of cold
Jewellery
 s - a ring of magical power (right claw)
 F - a ring of see invisible (left claw)
 K - an uncursed ring of flight
 X - an uncursed ring of invisibility
Wands
 m - a wand of teleportation (1)
 p - a wand of digging (15)
 A - a wand of invisibility (1)
 D - a wand of paralysis (21)
 J - a wand of fire (0)
 N - a wand of disintegration (8)
Scrolls
 d - 6 scrolls of remove curse
 e - a scroll of blinking
 i - a scroll of acquirement {unknown}
 q - 2 scrolls of noise
 t - a scroll of recharging {unknown}
 B - 3 scrolls of teleportation
 L - 3 scrolls of holy word
 Q - a scroll of magic mapping
 S - a scroll of fear
Potions
 f - 3 potions of resistance
 h - 2 potions of cancellation
 k - a potion of magic {unknown}
 l - 3 potions of might
 n - 3 potions of berserk rage
 o - 4 potions of curing
 w - a potion of lignification {unknown}
 C - a potion of degeneration {unknown}
 G - 6 potions of brilliance
 M - 2 potions of agility
 V - a potion of haste
 Z - a potion of flight {unknown}
Books
 H - a book of Fire

   Spells                             Type                      Level
   a - Ignite Poison                  Fire/Transmutation/Poison    3
   b - Fireball                       Conjuration/Fire             5
   c - Bolt of Fire                   Conjuration/Fire             6
   d - Delayed Fireball               Conjuration/Fire             7
   e - Ring of Flames                 Charms/Fire                  7
 O - a book of Annihilations

   Spells                             Type                      Level
   a - Poison Arrow                   Conjuration/Poison           6
   b - Chain Lightning                Conjuration/Air              8
   c - Lehudib's Crystal Spear        Conjuration/Earth            8
   d - Glaciate                       Conjuration/Ice              9
   e - Fire Storm                     Conjuration/Fire             9
 R - a book of the Warp

   Spells                             Type                      Level
   a - Recall                         Summoning/Translocation      3
   b - Gell's Gravitas                Hexes/Translocation          3
   c - Force Lance                    Conjuration/Translocation    4
   d - Phase Shift                    Translocation                5
   e - Warp Weapon                    Charms/Translocation         5
   f - Summon Forest                  Summoning/Translocation      5
Comestibles
 b - 10 bread rations
 c - 6 beef jerkies
 g - 5 meat rations
 j - 9 slices of pizza
 u - 11 fruits
 E - 5 chunks of flesh


   Skills:
 - Level 12.1 Fighting
 - Level 12.3 Dodging
 - Level 1.1 Stealth
 * Level 9.1 Shields
 - Level 12.0 Unarmed Combat
 - Level 8.0 Invocations


You had 13 spell levels left.
You didn't know any spells.

Dungeon Overview and Level Annotations

Branches:
Dungeon (15/15)            Temple (1/1) D:6            Lair (8/8) D:11
  Swamp (0/4) Lair:3        Snake (0/4) Lair:4        Slime (0/6) Lair:8
 Vaults (0/5) D:14         Depths (1/5) D:15
    Orc: D:9-12

Altars:
Cheibriados
Dithmenos
Fedhas
Kikubaaqudgha
Nemelex Xobeh
Okawaru
Qazlal
Trog
Yredelemnul
The Shining One
Jiyva

Annotations:
D:13 Rupert


Innate Abilities, Weirdness & Mutations

You are too large for most types of armour.
You have claws for hands.
Your metabolism is lightning-fast.
You like to eat raw meat.
You heal very quickly.
You are covered in fur (AC +1).
You have very tough skin (AC +2).


Message History

You mangle the slime creature!!
You kill the slime creature!
Okawaru accepts your kill.
Drink which item? (? for menu, Esc to quit)
Okay, then.
Drink which item? (? for menu, Esc to quit)
You feel protected.
You climb downwards.
Welcome to the Depths!
You hear the crackle of arcane power.
There is an entrance to a wizard's laboratory on this level!
Hurry and find it before the portal closes forever!
A fire dragon, a two-headed ogre and an ogre mage come into view.
You block the ice dragon's attack. x2
The ice dragon tramples you but does no damage.
The yaktaur wields an arbalest.
The yaktaur shoots a bolt of flame.
You block the bolt of flame.
The yaktaur captain wields an arbalest.
The yaktaur captain shoots a bolt of penetration.
The bolt of penetration pierces through you!!!
* * * LOW HITPOINT WARNING * * *
The ice dragon completely misses you. The ice dragon misses you.
The ice dragon closely misses you.
There is a staircase back to the Dungeon, spattered with blood here.
You see here a bolt of flame.
Drink which item? (? for menu, Esc to quit)
You feel much better.
The ogre mage points at you and mumbles some strange words.
You are confused.
The yaktaur shoots a bolt of flame.
The bolt of flame hits you!
* * * LOW HITPOINT WARNING * * *
The bolt of flame burns you.
* * * LOW HITPOINT WARNING * * *
The ice dragon bites you but does no damage.
The ice dragon completely misses you.
The ice dragon tramples you but does no damage.
Unknown command.
Drink which item? (? for menu, Esc to quit)
You feel better.
You feel like a meek peon again.
The yaktaur captain shoots a bolt of penetration.
The bolt of penetration pierces through you!!
You die...

..#.......
........
#......# . .
#......###.. ##.
#......#...#
....#..........#
......#..D.#c..#
....O...@......#
...≈≈(...#...c..
.≈.≈≈...........
.≈.≈≈....#...D..
.≈.≈≈!...####...
..O......# ..
.......... .
.#######%. ##.


You could see a fire dragon, an ice dragon, a yaktaur captain, an ogre mage, a
yaktaur and a two-headed ogre.

Vanquished Creatures
  The ghost of mainiacjoe the Grappler, a journeyman TrFi of Okawaru (Volcano)
  The ghost of pancakes the Ogre Mage, a journeyman OgWz of Sif Muna (D:15)
  An ettin (D:14)
  2 ogre magi (D:15)
  A deep elf high priest (D:13)
  An ice dragon (D:15)
  4 centaur warriors
  3 hydras
  2 catoblepae
  4 death yaks (Lair:8)
  A deep troll shaman (Lair:8)
  A deep troll earth mage (D:13)
  2 tengu warriors
  A skeletal warrior (D:14)
  An iron troll (D:14)
  2 fire crabs (Lair:8)
  4 unseen horrors
  A wizard (D:15)
  6 hill giants
  An orc knight (D:13)
  3 deep elf conjurers (D:15)
  An oklob plant (Lair:6)
  A necromancer (D:15)
  A lindwurm (Lair:8)
  4 cyclopes
  A wolf spider zombie (D:15)
  2 griffons
  2 manticores
  13 elephants
  5 black mambas
  A centaur zombie (D:13)
  10 spiny frogs
  The ghost of JirkfaceJones the Thaumaturge, a novice DEWz of Sif Muna (D:5)
  A gargoyle (D:11)
  A naga mage (D:15)
  A torpor snail (Lair:8)
  A yaktaur (Depths:1)
  2 tengu conjurers
  4 komodo dragons
  A guardian mummy (Volcano)
  An efreet (D:14)
  A freezing wraith (D:13)
  A deep elf priest (D:13)
  3 trolls
  2 polar bears (Lair:8)
  9 blink frogs
  2 wolf spider simulacra
  5 two-headed ogres (D:15)
  2 centaur simulacra
  A minotaur skeleton (Volcano)
  7 slime creatures
  3 vampires
  A human (D:7)
  2 water elementals
  2 flying skulls (Volcano)
  3 deep elf magi
  27 yaks
  3 basilisks
  4 vampire mosquitoes
  2 hungry ghosts
  2 mottled dragons
  3 nagas (Lair:4)
  A hill giant skeleton (Volcano)
  30 wolves
  6 hippogriffs
  12 water moccasins
  2 eyes of draining
  5 orc warriors
  7 porcupines
  A merfolk skeleton (Volcano)
  9 centaurs
  2 manticore skeletons (Volcano)
  7 crocodiles
  13 ogres
  3 sky beasts
  8 giant frogs
  A wyvern skeleton (D:11)
  3 scorpions
  A troll skeleton (Volcano)
  8 wights
  10 electric eels
  8 crimson imps
  3 orc priests
  3 jellies
  3 centaur skeletons
  9 hounds
  A two-headed ogre skeleton (Volcano)
  5 iguanas
  5 orc wizards
  5 worker ants
  24 sheep
  A naga skeleton (Volcano)
  3 mummies (Volcano)
  2 ogre skeletons (Volcano)
  10 river rats (Lair:8)
  4 shadow imps
  8 adders
  An ooze (D:1)
  An adder zombie (D:5)
  A worm (D:4)
  2 giant geckos
  17 orcs
  3 bats
  4 giant cockroaches
  5 goblins
  3 kobolds
  4 quokkas
  3 ball pythons
  4 giant newts
  7 jackals
  A jackal skeleton (D:5)
  A quokka zombie (D:6)
  3 rats
  A bush (Lair:6)
466 creatures vanquished.

Vanquished Creatures (others)
  4 fungi
  2 plants
6 creatures vanquished.

Grand Total: 472 creatures vanquished

Notes
Turn   | Place    | Note
--------------------------------------------------------------
     0 | D:1      | Implojin the Troll Monk began the quest for the Orb.
     0 | D:1      | Reached XP level 1. HP: 22/22 MP: 0/0
    34 | D:1      | Reached XP level 2. HP: 29/29 MP: 1/1
   214 | D:2      | Reached skill level 5 in Unarmed Combat
   214 | D:2      | Reached XP level 3. HP: 33/36 MP: 2/2
   367 | D:3      | Reached XP level 4. HP: 44/44 MP: 3/3
   485 | D:4      | Reached skill level 6 in Unarmed Combat
   491 | D:5      | Entered Level 5 of the Dungeon
   535 | D:6      | Reached XP level 5. HP: 38/50 MP: 4/4
   538 | D:6      | Found an ancient bone altar of Kikubaaqudgha.
   600 | D:6      | Noticed a sky beast
   614 | D:6      | Killed a sky beast
   614 | D:6      | Reached skill level 7 in Unarmed Combat
   631 | D:6      | Noticed an ogre
   639 | D:6      | Killed an ogre
   639 | D:6      | Reached XP level 6. HP: 50/59 MP: 5/5
   801 | D:7      | Noticed a human
   807 | D:7      | Killed a human
   807 | D:7      | Reached skill level 8 in Unarmed Combat
   807 | D:7      | Reached XP level 7. HP: 42/66 MP: 6/6
   903 | D:6      | Found a basalt altar of Yredelemnul.
   944 | D:5      | Found a blossoming altar of Fedhas.
   949 | D:5      | Noticed an ogre
   956 | D:5      | Noticed a centaur
   959 | D:5      | Killed an ogre
   959 | D:5      | Reached skill level 9 in Unarmed Combat
   969 | D:5      | Killed a centaur
   988 | D:5      | Noticed JirkfaceJones's ghost (novice DEWz)
   993 | D:5      | Killed JirkfaceJones's ghost
   993 | D:5      | Reached skill level 10 in Unarmed Combat
   993 | D:5      | Reached XP level 8. HP: 26/74 MP: 7/7
  1097 | D:5      | Noticed a centaur
  1105 | D:5      | Killed a centaur
  1183 | D:6      | Found a staircase to the Ecumenical Temple.
  1189 | Temple   | Entered the Ecumenical Temple
  1198 | Temple   | Became a worshipper of Warmaster Okawaru
  1198 | Temple   | Reached * piety under Okawaru
  1198 | Temple   | Reached ** piety under Okawaru
  1235 | D:6      | Noticed an orc warrior
  1250 | D:6      | Killed an orc warrior
  1254 | D:6      | Reached skill level 11 in Unarmed Combat
  1518 | D:10     | Entered Level 10 of the Dungeon
  1523 | D:10     | Reached skill level 12 in Unarmed Combat
  1569 | D:10     | Reached skill level 3 in Fighting
  1569 | D:10     | Reached XP level 9. HP: 79/81 MP: 5/8
  1596 | D:10     | Noticed a troll
  1603 | D:10     | Killed a troll
  1603 | D:10     | Reached skill level 4 in Fighting
  1662 | D:11     | Reached skill level 5 in Fighting
  1845 | D:11     | Noticed a gargoyle
  1859 | D:11     | Killed a gargoyle
  1859 | D:11     | Reached skill level 6 in Fighting
  1886 | D:11     | Found a staircase to the Lair.
  1922 | D:11     | Reached skill level 7 in Fighting
  1930 | D:11     | Reached *** piety under Okawaru
  2019 | D:11     | Found a glowing golden altar of the Shining One.
  2021 | D:11     | Noticed a manticore
  2028 | D:11     | Killed a manticore
  2028 | D:11     | Reached XP level 10. HP: 32/104 MP: 7/9
  2067 | D:13     | Noticed a four-headed hydra
  2135 | D:11     | Reached skill level 8 in Fighting
  2210 | Lair:1   | Entered Level 1 of the Lair of Beasts
  2225 | Lair:1   | Reached skill level 9 in Fighting
  2316 | Lair:1   | Reached **** piety under Okawaru
  2449 | Lair:1   | Reached skill level 10 in Fighting
  2487 | Lair:1   | Reached ***** piety under Okawaru
  2672 | Lair:2   | Reached XP level 11. HP: 113/119 MP: 7/10
  2690 | Lair:2   | Reached skill level 11 in Fighting
  3000 | Lair:4   | Received a gift from Okawaru
  3004 | Lair:4   | Found a dark tunnel.
  3015 | Volcano  | Entered a volcano
  3028 | Volcano  | Noticed mainiacjoe's ghost (journeyman TrFi)
  3051 | Volcano  | Killed mainiacjoe's ghost
  3051 | Volcano  | Reached skill level 12 in Fighting
  3118 | Volcano  | Reached skill level 3 in Dodging
  3254 | Volcano  | Reached skill level 1 in Invocations
  3296 | Volcano  | Reached skill level 2 in Invocations
  3470 | Lair:4   | Reached skill level 3 in Invocations
  3520 | Lair:4   | Reached skill level 4 in Invocations
  3525 | Lair:4   | Found a staircase to the Snake Pit.
  3587 | Lair:4   | Reached skill level 5 in Invocations
  3649 | Lair:5   | Found an ancient bone altar of Kikubaaqudgha.
  3704 | Lair:6   | Reached XP level 12. HP: 116/132 MP: 12/15
  3743 | Lair:6   | Reached skill level 6 in Invocations
  3793 | Lair:6   | Received a gift from Okawaru
  3793 | Lair:6   | Reached skill level 7 in Invocations
  3810 | Lair:6   | Got a warped great sword {god gift}
  3858 | Lair:6   | Reached skill level 8 in Invocations
  4051 | Lair:5   | Reached skill level 4 in Dodging
  4069 | Lair:5   | Reached skill level 5 in Dodging
  4527 | Lair:5   | Reached skill level 6 in Dodging
  4712 | Lair:3   | Found a staircase to the Swamp.
  4870 | Lair:8   | Entered Level 8 of the Lair of Beasts
  4924 | Lair:8   | Reached skill level 7 in Dodging
  5031 | Lair:8   | Reached skill level 8 in Dodging
  5048 | Lair:8   | Reached XP level 13. HP: 27/140 MP: 18/18
  5130 | Lair:8   | Received a gift from Okawaru
  5238 | Lair:7   | Reached skill level 9 in Dodging
  5285 | Lair:8   | Found a staircase to the Slime Pits.
  5285 | Lair:8   | Found a viscous altar of Jiyva.
  5527 | Lair:8   | Noticed a catoblepas
  5537 | Lair:8   | Reached skill level 10 in Dodging
  5542 | Lair:8   | Killed a catoblepas
  5879 | D:13     | Killed a seven-headed hydra
  5931 | D:13     | Noticed Rupert
  5932 | D:13     | Paralysed by Rupert for 4 turns
  5944 | D:12     | Noticed a hill giant
  5951 | D:12     | Killed a hill giant
  5951 | D:12     | Reached skill level 11 in Dodging
  6008 | D:13     | Found a stormy altar of Qazlal.
  6014 | D:13     | Received a gift from Okawaru
  6064 | D:13     | Noticed a hill giant
  6074 | D:13     | Killed a hill giant
  6426 | D:13     | Noticed a hill giant
  6434 | D:13     | Noticed an eight-headed hydra
  6438 | D:13     | Killed a hill giant
  6447 | D:13     | Killed a nine-headed hydra
  6485 | D:13     | Noticed a hill giant
  6487 | D:13     | Noticed an orc knight
  6496 | D:13     | Killed a hill giant
  6506 | D:13     | Killed an orc knight
  6568 | D:13     | Reached skill level 12 in Dodging
  6615 | D:13     | Noticed a centaur warrior
  6615 | D:13     | Noticed a catoblepas
  6620 | D:13     | Noticed a deep elf high priest
  6620 | D:13     | Noticed a deep troll earth mage
  6628 | D:13     | Killed a centaur warrior
  6636 | D:13     | Killed a catoblepas
  6636 | D:13     | Reached XP level 14. HP: 136/149 MP: 19/19
  6643 | D:13     | Killed a deep elf high priest
  6657 | D:13     | Killed a deep troll earth mage
  6657 | D:13     | Received a gift from Okawaru
  6658 | D:13     | Got a steaming large shield {god gift}
  6692 | D:13     | Identified the +7 large shield of Wapta {Int+2} (Okawaru gifted it to you on level 13 of the Dungeon)
  6751 | D:13     | Paralysed by Rupert for 6 turns
  6793 | D:14     | Reached skill level 1 in Shields
  7008 | D:14     | Reached skill level 2 in Shields
  7075 | D:14     | Reached skill level 3 in Shields
  7081 | D:14     | Found a gate to the Vaults.
  7177 | D:14     | Reached skill level 4 in Shields
  7260 | D:14     | Reached skill level 5 in Shields
  7299 | D:15     | Entered Level 15 of the Dungeon
  7299 | D:15     | Noticed pancakes's ghost (journeyman OgWz)
  7430 | D:15     | Reached skill level 6 in Shields
  7615 | D:15     | Killed pancakes's ghost
  7615 | D:15     | Reached skill level 7 in Shields
  7711 | D:15     | Received a gift from Okawaru
  7730 | D:15     | Reached skill level 8 in Shields
  7774 | D:15     | Received a gift from Okawaru
  7799 | D:15     | Found a staircase to the Depths.
  7820 | Depths:1 | Entered Level 1 of the Depths
  7852 | D:15     | Reached skill level 9 in Shields
  7888 | Depths:1 | HP: 6/149 [yaktaur/bolt of flame[a yaktaur captain] (16)]
  7889 | Depths:1 | Shot with a bolt of penetration by a yaktaur captain

Action                   |  1- 3 |  4- 6 |  7- 9 | 10-12 | 13-15 || total
-------------------------+-------+-------+-------+-------+-------++-------
Melee: Unarmed           |    54 |    69 |   226 |   544 |   629 ||  1522
 Fire: Blowgun           |       |       |       |     3 |     2 ||     5
Throw: Tomahawk          |       |       |     1 |     9 |     8 ||    18
       Javelin           |       |       |       |       |    21 ||    21
       Large rock        |       |       |       |       |     4 ||     4
Invok: Heroism           |       |       |    11 |    27 |    24 ||    62
       Finesse           |       |       |       |     9 |    10 ||    19
Evoke: Wand              |       |       |       |       |     4 ||     4
  Use: Scroll            |       |     5 |     4 |     9 |    16 ||    34
       Potion            |       |       |     1 |     4 |     4 ||     9
 Stab: Sleeping          |     1 |       |     2 |     2 |       ||     5
       Distracted        |       |       |     1 |     1 |     1 ||     3
       Invisible         |       |       |       |       |     5 ||     5
       Petrifying        |       |       |       |       |     1 ||     1
       Petrified         |       |       |       |       |     1 ||     1
  Eat: Chunk             |     5 |     7 |    12 |    28 |    34 ||    86

Table legend:
 A = Turns spent in this place as a percentage of turns spent in the entire game.
 B = Non-inter-level travel turns spent in this place as a percentage of non-inter-level travel turns spent in the entire game.
 C = Inter-level travel turns spent in this place as a percentage of turns spent in this place.
 D = Turns resting spent in this place as a percentage of non-inter-level travel turns spent in this place.
 E = Turns spent auto-exploring this place as a percentage of non-inter-level travel turns spent in this place.
 F = Non-inter-level travel turns spent in this place divided by the number of levels of this place that you've seen.
                   A       B       C       D       E      F
               +-------+-------+-------+-------+-------+----------------------
         Total | 100.0 | 100.0 |   0.0 |   0.3 |   0.0 | 287.6
       Dungeon |  53.9 |  53.9 |   0.0 |   0.1 |   0.0 | 268.6
        Temple |   0.3 |   0.3 |   0.0 |   0.0 |   0.0 |  19.0
          Lair |  40.8 |  40.8 |   0.0 |   0.0 |   0.0 | 381.2
        Depths |   0.4 |   0.4 |   0.0 |   0.0 |   0.0 |  33.0
       Volcano |   4.6 |   4.6 |   0.0 |   4.9 |   0.0 | 346.0
               +-------+-------+-------+-------+-------+----------------------

Table legend:
 A = Kills in this place as a percentage of kills in entire the game.
 B = Kills by you in this place as a percentage of kills by you in the entire game.
 C = Kills by friends in this place as a percentage of kills by friends in the entire game.
 D = Other kills in this place as a percentage of other kills in the entire game.
 E = Experience gained in this place as a percentage of experience gained in the entire game.
 F = Experience gained in this place divided by the number of levels of this place that you have seen.
                   A       B       C       D       E      F
               +-------+-------+-------+-------+-------+----------------------
         Total | 100.0 | 100.0 |  -nan |  -nan | 100.0 | 3869.0
       Dungeon |  56.3 |  56.3 |  -nan |  -nan |  54.4 | 3649.1
          Lair |  38.7 |  38.7 |  -nan |  -nan |  41.2 | 5186.0
        Depths |   0.4 |   0.4 |  -nan |  -nan |   0.6 | 650.0
       Volcano |   4.5 |   4.5 |  -nan |  -nan |   3.7 | 3720.0
               +-------+-------+-------+-------+-------+----------------------
